 Dungeon Crawl Stone Soup version 0.31.0-12-g77e489cdc1 (webtiles) character file.

Game seed: 307484389832703384

344 NotaViper the Covered (level 6, -4/49 HPs)
             Began as a Barachi Fighter on Feb 26, 2024.
             Was a Follower of Elyvilon.
             Slain by an ice beast (6 damage)
             ... on level 5 of the Dungeon.
             The game lasted 00:17:08 (3495 turns).

NotaViper the Covered (Barachi Fighter)             Turns: 3495, Time: 00:17:08

Health: -4/49      AC: 12    Str: 17    XL:     6   Next: 58%
Magic:  6/6        EV:  6    Int:  9    God:    Elyvilon [*.....]
Gold:   181        SH:  0    Dex: 19    Spells: 5/5 levels left

rFire   . . .        t - +1 hand axe (elec)
rCold   . . .        G - orb {guile}
rNeg    . . .        K - +0 plate armour
rPois   .            (no helmet)
rElec   .            (no cloak)
rCorr   .            (no gloves)
SInv    .            (no boots)
Will    .....        (no amulet) Stlth
                     k - +6 ring of dexterity
HPRegen 0.28/turn    (no ring)
MPRegen 0.10/turn

%: no passive effects
@: slow
A: amphibious, slowness 1, strong legs 1, +LOS
a: Hop, Renounce Religion, Purification


You were on level 5 of the Dungeon.
You worshipped Elyvilon.
Elyvilon was aware of your devotion.
You visited 1 branch of the dungeon, and saw 5 of its levels.

You collected 181 gold pieces.

Inventory:

Hand Weapons
 a - a +0 war axe
 i - a +0 club
 n - a +0 whip
 o - a +0 whip of electrocution
 t - a +1 hand axe of electrocution (weapon)
 L - a +0 long sword
 O - a +0 club
Missiles
 q - 44 stones
 v - 9 poisoned darts
 z - 4 javelins
Armour
 b - a +0 scale mail
 c - a +0 buckler
 f - a +0 chain mail
 j - a +0 ring mail
 s - a +0 ring mail
 u - a +0 leather armour
 w - a +0 leather armour
 y - a +0 robe
 B - a +0 robe
 C - the +1 ring mail of Hedging {rElec Regen+ Dex+2}
   (You found it on level 3 of the Dungeon)

   Dex+2:     It affects your dexterity (+2).
   rElec:     It insulates you from electricity.
   Regen+:    It increases your rate of health regeneration.
 G - an orb of guile (worn)
 K - a +0 plate armour (worn)
Magical Staves
 D - a staff of fire
Jewellery
 k - a +6 ring of dexterity (left hand)
 F - a ring of positive energy
 H - a +4 ring of protection
Talismans
 A - a beast talisman
Wands
 r - a wand of iceblast (8)
Scrolls
 l - a scroll of noise {unknown}
 m - 2 scrolls of fog
 p - 5 scrolls of identify
 E - a scroll of enchant armour {unknown}
 I - a scroll of summoning {unknown}
 J - a scroll of brand weapon {unknown}
 M - a scroll of revelation {unknown}
 N - a scroll of fear {unknown}
 Q - a scroll of acquirement {unknown}
Potions
 d - 2 potions of might
 e - a potion of degeneration {unknown}
 g - 6 potions of curing {unknown}
 h - 2 potions of magic {unknown}
 x - a potion of haste {unknown}
 P - 2 potions of brilliance {unknown}
 R - a potion of lignification {unknown}


   Skills:
 + Level 4.5 Fighting
 + Level 3.3(3.8) Axes
 + Level 2.5(3.3) Maces & Flails
 + Level 5.6 Armour
 + Level 1.8 Dodging
 + Level 0.9 Stealth
 + Level 4.1 Shields


You had 5 spell levels left.
You didn't know any spells.
Your spell library contained the following spells:

 Spells                   Type           Power      Damage    Failure   Level
 Magic Dart               Conj           0%         1d3       100%        1
 Blink                    Tloc           0%         N/A       100%        2
 Call Imp                 Summ           0%         N/A       100%        2
 Searing Ray              Conj           0%         2d4       100%        2
 Summon Ice Beast         Ice/Summ       0%         N/A       100%        3
 Volatile Blastmotes      Fire/Tloc      0%         2d10      100%        3
 Fulminant Prism          Conj/Alch      0%         3d5       100%        4
 Iskenderun's Mystic Bla  Conj/Tloc      0%         2d3       100%        4
 Summon Mana Viper        Hex/Summ       0%         N/A       100%        5
 Monstrous Menagerie      Summ           0%         N/A       100%        7


Dungeon Overview and Level Annotations

Branches:
Dungeon (5/15)
 Temple: D:4-7

Altars:
Dithmenos
Elyvilon
Uskayaw
Vehumet
Yredelemnul

Shops:
D:3 [[*


Innate Abilities, Weirdness & Mutations

You are amphibious.
You cover ground slowly.
You can hop short distances.
You have an extended range of vision and can be seen from far away.


Message History

You closely miss the orc wizard.
You hear the slow rusting of a distant drain.
You slash the orc wizard!
Lightning courses through the orc wizard!!
You kill the orc wizard!
You slash the orc!
You kill the orc!
You hit the orc priest but do no damage.
Lightning courses through the orc priest!
The orc priest hits you but does no damage.
The orc priest barely misses you.
The ice beast hits you but does no damage.
The orc priest calls down the wrath of Beogh upon you.
Pain shoots through your body!
Items here: )) [ ††.
You hit the orc priest.
The orc priest is severely wounded.
You hit the ice beast.
The ice beast hits you but does no damage.
The orc priest mumbles some strange prayers to Beogh against you.
Beogh smites you!
You hit the orc priest.
The orc priest is almost dead.
You hit the ice beast but do no damage. You hit the ogre but do no damage.
The ogre barely misses you.
The orc priest hits you but does no damage.
The ice beast hits you but does no damage.
You slash the orc priest!
You kill the orc priest!
You barely miss the ogre. You hit the ice beast but do no damage.
The ice beast hits you but does no damage.
You hit the ice beast.
The ice beast is moderately wounded.
You barely miss the ogre.
The ogre hits you with a +0 giant club!!
* * * LOW HITPOINT WARNING * * *
The ice beast hits you.
* * * LOW HITPOINT WARNING * * *
The ice beast freezes you.
You die...

#....#.#######.######..
#............#.#
###.....#....#
#.....#..### #.....#..#
#.....#..# #........#
####))...# #@#.#.#
#YO.....# #.#.#..##
#......+ ##.....#
.....# .....# ####.# ..


You could see an ice beast and an ogre.

Vanquished Creatures
  An orc priest (D:5)
  A hound (D:4)
  2 jellies (D:4)
  An iguana (D:4)
  An orc wizard (D:5)
  Robin (D:4)
  9 adders
  2 dart slugs
  A ribbon worm (D:3)
  6 orcs
  4 ball pythons
  2 bats (D:2)
  6 endoplasms
  6 giant cockroaches
  10 goblins
  7 hobgoblins
  4 jackals (D:3)
  2 kobolds (D:1)
  3 quokkas
  4 frilled lizards
  3 rats
76 creatures vanquished.

Notes
Turn   | Place    | Note
-------+----------+-------------------------------------------
     0 | D:1      | NotaViper the Barachi Fighter began the quest for the Orb.
     0 | D:1      | Reached XP level 1. HP: 18/18 MP: 1/1
   268 | D:1      | Reached XP level 2. HP: 25/25 MP: 2/2
   590 | D:2      | Reached skill level 4 in Armour
   749 | D:2      | Reached XP level 3. HP: 28/30 MP: 3/3
  1102 | D:2      | Reached XP level 4. HP: 37/37 MP: 4/4
  1678 | D:3      | Found Puschatz's Antique Armour Shoppe.
  1739 | D:3      | Found a faded altar of an unknown god.
  1780 | D:3      | Identified the +1 ring mail of Hedging {rElec Regen+ Dex+2}
  1831 | D:3      | Found a white marble altar of Elyvilon.
  1842 | D:3      | Became a worshipper of Elyvilon the Healer
  1867 | D:3      | Found Plog's Armour Shop.
  1958 | D:3      | Found a shadowy altar of Dithmenos.
  2131 | D:3      | Found a radiant altar of Vehumet.
  2137 | D:3      | Found a hide-covered altar of Uskayaw.
  2494 | D:3      | Found Rufim's Assorted Antiques.
  2540 | D:3      | Found a basalt altar of Yredelemnul.
  2638 | D:4      | Reached skill level 1 in Maces & Flails
  2643 | D:4      | Reached * piety under Elyvilon
  2661 | D:4      | Reached XP level 5. HP: 28/42 MP: 5/5
  2803 | D:4      | Reached skill level 5 in Armour
  2803 | D:4      | Reached skill level 1 in Dodging
  2911 | D:4      | Reached XP level 6. HP: 48/48 MP: 6/6
  2916 | D:4      | Noticed Robin
  3132 | D:4      | Killed Robin
  3445 | D:5      | Entered Level 5 of the Dungeon
  3486 | D:5      | Noticed an ice beast
  3495 | D:5      | HP: 2/49 [ice beast (1)]
  3495 | D:5      | Slain by an ice beast

Illustrated notes

Levels and vault maps discovered:
D:1:      mrwooster_arrival_statue_2, layout_loops_ring
D:2:      layout_basic, hangedman_decor_points, minmay_worlds_worst_comb
D:3:      layout_basic, kennysheep_ying_yang,
          nicolae_dithmenos_through_a_glass_darkly, minitemple,
          dreamdust_ecumenical_altar_hidden_monk_grotto, serial_shops, shop,
          nicolae_shop_back_alley_shop, shop
D:4:      layout_rooms, kennysheep_generic_room_9, uniq_robin
D:5:      layout_basic, amcnicky_altar_gilded, mainiacjoe_overflow_alcove_4,
          temple_green, cheibrodos_sewer_entry_sluice, serial_glass,
          glass_columns_a, glass_columns_a, minmay_fractal_squares_5

Skill      XL: |  1  2  3  4  5 |
---------------+----------------+-----
Armour         | 4 5 |  5.6
Axes           | 3 |  3.3
Fighting       | 4 |  4.5
Maces & Flails | 1 2 |  2.5
Shields        | 4 |  4.1
Dodging        | 1 |  1.8
Stealth        | |  0.9

Action                     |  1- 3 |  4- 6 || total
---------------------------+-------+-------++-------
  Melee: War axe           |    24 |       ||    24
         Whip              |    61 |   109 ||   170
         Hand axe          |       |    42 ||    42
    Use: Scroll            |       |     2 ||     2
 Armour: Scale mail        |    38 |       ||    38
         Chain mail        |     2 |     7 ||     9
         Ring mail         |       |    96 ||    96
         Plate armour      |       |    43 ||    43
  Dodge: Dodged            |    37 |    79 ||   116
  Block: Buckler           |    20 |    38 ||    58
